 Dungeon Crawl Stone Soup version 0.14-a0-2810-g474977d (webtiles) character file.

193 RIDDIMRIDER the Shield-Bearer (level 4, -15/40 HPs)
             Began as a Minotaur Fighter on Feb 25, 2014.
             Killed by divine providence
             ... invoked by an orc priest
              (17 damage)
             ... on Level 3 of the Dungeon.
             The game lasted 00:16:57 (1983 turns).

RIDDIMRIDER the Shield-Bearer (Minotaur Fighter)    Turns: 1983, Time: 00:16:57

HP -15/40        AC  7     Str 22      XL: 4   Next: 68%
MP   2/2         EV  7     Int  5      God:
Gold 78          SH 19     Dex  9      Spells:  0 memorised,  3 levels left

rFire  x . .     SeeInvis .     a - +0,+2 trident
rCold  + . .     Clarity  .     b - +0 scale mail
rNeg   . . .     Conserve .     c - +0 shield
rPois  .         rCorr    .     (helmet restricted)
rElec  .         rRot     .     (no cloak)
SustAb . .       Spirit   .     (no gloves)
rMut   .         Warding  .     (no boots)
Saprov . . .     Stasis   .     (no amulet)
MR     .....                    (no ring)
                                s - cursed ring of ice

@: not resistant to hostile enchantments, extremely unstealthy
A: retaliatory headbutt, horns 2
a: no special abilities


You were on level 3 of the Dungeon.
You were not hungry.

You visited 1 branch of the dungeon, and saw 3 of its levels.

You collected 78 gold pieces.

Inventory:

Hand weapons
 a - a +0,+2 trident (weapon)
Armour
 b - a +0 scale mail (worn)
 c - a +0 shield (worn)
Comestibles
 d - 2 bread rations
 f - 5 grapes
 o - a pear
 r - a chunk of rat flesh
Scrolls
 g - a scroll of curse weapon
 m - a scroll of teleportation
 t - a scroll of remove curse
Jewellery
 h - an uncursed ring of teleportation
 s - a cursed ring of ice (left hand)
Potions
 e - a potion of speed {unknown}
 i - 2 potions of lignification {unknown}
 j - a potion of restore abilities {unknown}
 k - 2 potions of heal wounds {unknown}
 l - a potion of beneficial mutation {unknown}
 n - a potion of magic {unknown}
 q - 3 potions of brilliance {unknown}


   Skills:
 + Level 4.1 Fighting
 + Level 3.3 Polearms
 + Level 4.2 Armour
 + Level 2.1 Dodging
 + Level 4.7 Shields


You had 3 spell levels left.
You didn't know any spells.

Dungeon Overview and Level Annotations

Branches:
Dungeon (3/16)

Altars:
Ashenzari


Innate Abilities, Weirdness & Mutations

You reflexively headbutt those who attack you in melee.
You have a pair of horns on your head.


Message History

Something smites you!
Unknown command.
You closely miss the orc wizard.
You headbutt the orc wizard, but do no damage.
The orc wizard hits you but does no damage.
The orc wizard hits you with a dagger.
* * * LOW HITPOINT WARNING * * *
You block the orc's attack.
The orc wizard points at you and mumbles some strange words.
The magic dart hits you!
* * * LOW HITPOINT WARNING * * *
The orc priest hits you but does no damage.
The orc wizard points at you and mumbles some strange words.
The magic dart hits you!
* * * LOW HITPOINT WARNING * * *
You block the orc's attack. You block the orc wizard's attack.
You block the orc wizard's attack.
The orc priest calls down the wrath of Beogh upon you.
Something smites you!
You die...

#.# #.# #.#
#.# #.# #.#
#######<##
#....o.o.#
#...oo@..#
#..........#
#........###
#.ยง......#
#........#
#.######## .


You could see an orc priest, 2 orc wizards and an orc.

Vanquished Creatures
  An orc wizard (D:3)
  2 adders (D:2)
  2 giant geckos (D:1)
  4 giant cockroaches
  3 goblins
  7 hobgoblins
  2 jackals (D:2)
  3 kobolds
  2 oozes
  7 bats
  2 giant newts (D:1)
  38 rats
73 creatures vanquished.

Notes
Turn   | Place    | Note
--------------------------------------------------------------
     0 | D:1      | RIDDIMRIDER, the Minotaur Fighter, began the quest for the Orb.
     0 | D:1      | Reached XP level 1. HP: 19/19 MP: 1/1
   153 | D:1      | Reached XP level 2. HP: 27/27 MP: 1/1
   187 | D:1      | Reached skill level 4 in Shields
   714 | D:1      | Found a shattered altar of Ashenzari.
   911 | D:2      | Reached XP level 3. HP: 33/33 MP: 2/2
   978 | D:2      | Reached skill level 1 in Dodging
  1614 | D:2      | Reached XP level 4. HP: 37/40 MP: 2/2
  1982 | D:3      | HP: 2/40 [orc wizard/magic dart (4)]
  1983 | D:3      | Killed from afar by an orc priest

Action                   |  1- 3 |  4- 6 || total
-------------------------+-------+-------++-------
Melee: Trident           |   107 |    48 ||   155
  Use: Scroll            |     9 |     1 ||    10
